 Dungeon Crawl Stone Soup version 0.24.0-35-gdb84b6a5db (webtiles) character file.

Game seed: 16930429448624164115, levelgen mode: deterministic

348 Delamore the Cleaver (level 6, 0/51 HPs)
             Began as a Hill Orc Fighter on Nov 18, 2019.
             Was a Believer of Wu Jian.
             Slain by a slave (3 damage)
             ... led by Pikel
             ... on level 3 of the Dungeon.
             The game lasted 00:05:27 (3107 turns).

Delamore the Cleaver (Hill Orc Fighter)             Turns: 3107, Time: 00:05:28

Health: 0/51       AC:  6    Str: 21    XL:     6   Next: 60%
Magic:  0/6        EV:  7    Int:  8    God:    Wu Jian [**....]
Gold:   314        SH:  9    Dex: 15    Spells: 5/5 levels left

rFire    . . .     SeeInvis +   a - +1 war axe
rCold    . . .     Gourm    .   c - +0 shield
rNeg     . . .     Faith    .   b - +0 scale mail
rPois    .         Spirit   +   (no helmet)
rElec    .         Reflect  .   m - scarf {Spirit}
rCorr    .         Harm     .   (no gloves)
MR       .....                  (no boots)
Stlth    ..........             (no amulet)
HPRegen  0.17/turn              n - ring of see invisible
MPRegen  0.10/turn              x - +5 ring of dexterity

@: no status effects
A: no striking features
a: Wall Jump, Renounce Religion


You were on level 3 of the Dungeon.
You worshipped Wu Jian.
Wu Jian was pleased with you.
You were near starving.

You visited 1 branch of the dungeon, and saw 4 of its levels.

You collected 314 gold pieces.

Inventory:

Hand Weapons
 a - a +1 war axe (weapon)
Armour
 b - a +0 scale mail (worn)
 c - a +0 shield (worn)
 m - a scarf of spirit shield (worn)
Jewellery
 n - a ring of see invisible (left hand)
 x - a +5 ring of dexterity (right hand)
Scrolls
 g - a scroll of enchant armour {unknown}
 i - 2 scrolls of teleportation
 l - a scroll of magic mapping
 p - a scroll of noise
 u - a scroll of identify {unknown}
 w - a scroll of immolation {unknown}
Potions
 d - a potion of might
 e - a potion of magic {unknown}
 h - a potion of agility {unknown}
 j - a potion of invisibility {unknown}
 q - 2 potions of curing
 s - a potion of haste {unknown}
 v - a potion of degeneration {unknown}
Comestibles
 f - 13 rations


   Skills:
 - Level 3.6 Fighting
 + Level 9.0 Axes
 - Level 3.2 Armour
 - Level 3.2 Shields


You had 5 spell levels left.
You didn't know any spells.
Your spell library was empty.

Dungeon Overview and Level Annotations

Branches:
Dungeon (4/15)             Temple (0/1) D:4

Altars:
Gozag
Okawaru
Wu Jian


Message History

* * * LOW HITPOINT WARNING * * *
The slave completely misses you.
You spin and attack the slave.
You hit the slave but do no damage.
The slave is moderately wounded.
You feel sick. You block the slave's attack.
There is a stone staircase leading down, spattered with blood here.
You spin and attack the slave.
You closely miss the slave.
The slave is moderately wounded.
You block the slave's attack.
You spin and attack the slave.
You barely miss the slave.
The slave is moderately wounded.
You spin and attack the slave.
You hit the slave.
The slave is severely wounded.
The slave hits you but does no damage. x2
You hit the slave.
The slave is heavily wounded.
You hit the slave.
You feel sick.
You are no longer poisoned.
The slave hits you.
You die...

......# #.......###....#≈...##.##
......# #.......# #....#≈...#...#
......# #.......# #....#≈..#.)#..
......###.....### #....#≈...#...#
........+.....# #....#≈..(##)##
#########.....#####....#≈≈..).#..
#########..............#≈≈≈......
........+...(....p.....#≈≈≈≈..÷..
#######.#.......@p÷....#≈≈≈≈≈≈(≈≈
#.#..............#######'## #
#.#...(...........######(# #
#.#......................# ##
#.#####...........######## .# #.#
#...........# .##
##.#####...........# ..#
#..................# #.##
#.........##########


You could see 2 slaves.

Vanquished Creatures
  2 slaves (D:4)
  A bullfrog (D:3)
  A hound (D:3)
  Terence (D:3)
  An iguana (D:4)
  An orc wizard (D:3)
  A worker ant (D:4)
  A hound zombie (D:4)
  A gnoll (D:3)
  4 adders
  An ooze (D:1)
  2 worms (D:3)
  7 orcs (D:3)
  3 giant cockroaches
  11 hobgoblins
  6 jackals
  17 kobolds
  2 ball pythons
  10 bats
  6 frilled lizards
  3 goblins (D:1)
  11 rats
93 creatures vanquished.

Vanquished Creatures (others)
  3 toadstools (D:1)
3 creatures vanquished.

Grand Total: 96 creatures vanquished

Notes
Turn   | Place    | Note
-------+----------+-------------------------------------------
     0 | D:1      | Delamore the Hill Orc Fighter began the quest for the Orb.
     0 | D:1      | Reached XP level 1. HP: 19/19 MP: 1/1
     6 | D:1      | Reached skill level 3 in Axes
    13 | D:1      | Reached XP level 2. HP: 20/26 MP: 2/2
    88 | D:1      | Reached skill level 4 in Axes
   212 | D:1      | Reached XP level 3. HP: 31/31 MP: 3/3
   488 | D:1      | Reached skill level 5 in Axes
  1124 | D:2      | Reached XP level 4. HP: 29/39 MP: 4/4
  1606 | D:2      | Found an opulent altar of Gozag.
  1664 | D:2      | Found a faded altar of an unknown god.
  1714 | D:2      | Became a worshipper of the Wu Jian Council
  1714 | D:2      | Reached * piety under Wu Jian
  1830 | D:2      | Reached skill level 6 in Axes
  1898 | D:3      | Found an iron altar of Okawaru.
  1945 | D:3      | Reached XP level 5. HP: 32/45 MP: 3/5
  1985 | D:3      | Reached skill level 7 in Axes
  1992 | D:3      | Noticed Terence
  2003 | D:3      | Killed Terence
  2149 | D:3      | Reached skill level 8 in Axes
  2149 | D:3      | Reached XP level 6. HP: 51/51 MP: 6/6
  2223 | D:3      | Reached ** piety under Wu Jian
  2756 | D:4      | Found a staircase to the Ecumenical Temple.
  2839 | D:4      | Noticed a slave
  2841 | D:4      | Noticed a slave
  2842 | D:4      | Noticed a slave
  2842 | D:4      | Noticed a slave
  2846 | D:4      | Noticed a phantom
  2847 | D:4      | Killed a slave
  2854 | D:4      | Killed a slave
  3093 | D:4      | Reached skill level 9 in Axes
  3107 | D:3      | Slain by a slave

Levels and vault maps discovered:
D:1:      saegor_arrival_simple_b, layout_basic, minmay_gold_behind_fungi
D:2:      kennysheep_big_flooded_room, layout_loops_corners,
          grunt_gozag_statues, chequers_ecumenical_altar_lobes, glass_columns_c,
          chequers_jeans, item_on_display_a
D:3:      layout_basic, okawaru_gym_becter, first_ration,
          kennysheep_generic_room_2, uniq_terence
D:4:      layout_basic, minmay_temple_entry_mini_moons, minivault_14,
          cheibrodos_ashenzari_chains, uniq_pikel

Skill      XL: |  1  2  3  4  5  6 |
---------------+-------------------+-----
Axes           | 3 4 5 6 8 9 |  9.0
Fighting       | |  3.6
Armour         | |  3.2
Shields        | |  3.2

Action                   |  1- 3 |  4- 6 || total
-------------------------+-------+-------++-------
Melee: War axe           |   133 |   186 ||   319
Invok: Lunge             |       |     9 ||     9
       Whirlwind         |       |     9 ||     9
  Use: Scroll            |       |     7 ||     7
  Eat: Chunk             |     1 |     5 ||     6
Armor: Scale mail        |    83 |    56 ||   139
Dodge: Dodged            |    36 |    45 ||    81
Block: Shield            |    98 |    87 ||   185
